 Dungeon Crawl Stone Soup version 0.28-a0-643-g84cb2ea78e (webtiles) character file.

Game seed: 664133795939258274

256 SkeletonJelly the Sneak (level 6, -3/39 HPs)
             Began as an Octopode Brigand on Oct 10, 2021.
             Slain by a gnoll (11 damage)
             ... on level 4 of the Dungeon.
             The game lasted 00:07:58 (3546 turns).

SkeletonJelly the Sneak (Octopode Brigand)          Turns: 3546, Time: 00:07:59

Health: -3/39      AC:  1    Str: 11    XL:     6   Next: 16%
Magic:  6/6        EV: 12    Int: 13    God:
Gold:   160        SH:  0    Dex: 15    Spells: 5/5 levels left

rFire   + . .      SeeInvis +   r - +1 dagger (venom)
rCold   . . .      Faith    .   (no shield)
rNeg    . . .      Spirit   .   (helmet restricted)
rPois   .          Reflect  .   (no amulet)
rElec   .          Harm     .   j - ring of see invisible
rCorr   .          Rampage  .   k - ring of wizardry
Will    .....                   l - ring of protection from fire
Stlth   +++++.....              q - ring of flight
HPRegen 0.13/turn               (no ring)
MPRegen 0.10/turn               (no ring)
                                (no ring)
                                (no ring)

@: flying
A: almost no armour, amphibious, 8 rings, camouflage 1, gelatinous body 1,
(nimble swimmer 1), tentacles
a: no special abilities


You were on level 4 of the Dungeon.
You visited 1 branch of the dungeon, and saw 4 of its levels.

You collected 160 gold pieces.

Inventory:

Hand Weapons
 a - a +2 dagger
 r - a +1 dagger of venom (weapon)
 t - a +3 falchion
 u - the +4 war axe of Premature Burial {flame, Str+2 Int-5 Dex+3}
   (You found it on level 4 of the Dungeon)

   It burns those it strikes, dealing additional fire damage.
   Big, fiery blades are also staple armaments of hydra-hunters.
   Str:       It affects your strength (+2).
   Int:       It affects your intelligence (-5).
   Dex:       It affects your dexterity (+3).
Missiles
 b - 17 poisoned darts (quivered)
 c - 2 curare-tipped darts
Jewellery
 j - a ring of see invisible (left tentacle)
 k - a ring of wizardry (right tentacle)
 l - a ring of protection from fire (on tentacle)
 q - a ring of flight (on tentacle)
Wands
 p - a wand of charming (10)
Scrolls
 d - 3 scrolls of amnesia {unknown}
 e - a scroll of enchant armour {unknown}
 g - 5 scrolls of identify {unknown}
 h - a scroll of fear {unknown}
 i - 2 scrolls of teleportation {unknown}
 s - a scroll of vulnerability {unknown}
Potions
 f - a potion of ambrosia {unknown}
 m - a potion of cancellation {unknown}
 n - 2 potions of might {unknown}
 o - 3 potions of heal wounds {unknown}


   Skills:
 - Level 2.0 Fighting
 * Level 5.2 Short Blades
 - Level 2.0 Throwing
 - Level 1.0 Dodging
 + Level 7.2 Stealth


You had 5 spell levels left.
You didn't know any spells.
Your spell library contained the following spells:

 Spells                   Type           Power      Damage    Failure   Level
 Ignite Poison            Fire/Tmut/Pois 0%         N/A       34%         3
 Mephitic Cloud           Conj/Pois/Air  0%         N/A       34%         3
 Freezing Cloud           Conj/Ice/Air   0%         6-21      96%         5


Dungeon Overview and Level Annotations

Branches:
Dungeon (4/15)
 Temple: D:4-7

Altars:
Cheibriados
Okawaru

Annotations:
D:4 exclusion: 2 doors


Innate Abilities, Weirdness & Mutations

You cannot wear most types of armour.
You are amphibious.
You can wear up to eight rings at the same time.
Your skin changes colour to match your surroundings (Stealth+).
Your rubbery body absorbs attacks. (AC +1, EV +1)
((You are camouflaged near water. (Stealth+)))
You have tentacles for arms and can constrict up to eight enemies at once.


Message History

You kill the orc!
Natasha wildly gestures.
Natasha shimmers violently.
There is an open door here.
You hit the orc.
The orc is poisoned.
Your grab misses the orc. Your squeeze misses the orc.
The orc is heavily wounded.
The orc closely misses you.
The gnoll hits you from afar with a +0 spear.
You take 2 damage, and have 32/34 hp.
You hit the orc.
The orc looks as sick as possible!
You grab the orc. You squeeze the orc, but do no damage.
The orc is severely wounded.
You constrict the orc, but do no damage.
You kill the orc!
The gnoll hits you from afar with a +0 spear.
Natasha howls an incantation.
Natasha's front paws start to glow.
You take 4 damage, and have 28/34 hp.
You hit Natasha.
Natasha is poisoned.
You grab Natasha.
Natasha is moderately wounded.
You constrict Natasha.
Natasha mewls in sadness.
Natasha claws you.
You take 6 damage, and have 22/34 hp.
You barely miss Natasha.
Natasha is severely wounded.
You constrict Natasha, but do no damage.
You hit Natasha but do no damage.
Natasha is severely wounded.
You constrict Natasha, but do no damage.
Natasha mumbles some strange words.
The orc priest looks braver for a moment.
You barely miss Natasha.
Natasha is almost dead.
You constrict Natasha.
You kill Natasha!
Moaning pathetically, Natasha's spirit plunges into the ground.
The white imp disappears in a puff of smoke!
Your Stealth skill increases to level 7!
You hit the gnoll but do no damage.
The gnoll is poisoned.
Your grab misses the gnoll. Your squeeze misses the gnoll. You hit the gnoll.
The gnoll looks as sick as possible!
You grab the gnoll.
The gnoll is lightly wounded.
You constrict the gnoll, but do no damage.
The gnoll hits you with a +0 whip!
You take 9 damage, and have 13/34 hp.
MASSIVE DAMAGE!!
You release your grip on the gnoll.
You hit the gnoll.
The gnoll looks as sick as possible!
You grab the gnoll.
The gnoll is almost dead.
You constrict the gnoll.
You kill the gnoll!
Your Short Blades skill increases to level 5!
You barely miss the orc priest. You grab the orc priest.
You squeeze the orc priest.
The orc priest is lightly wounded.
You constrict the orc priest.
You hit the orc priest but do no damage.
You squeeze the orc priest.
The orc priest is heavily wounded.
You constrict the orc priest.
The orc priest miscasts a cantrip.
You hit the orc priest.
The orc priest is poisoned.
The orc priest is severely wounded.
You constrict the orc priest.
You kill the orc priest!
You have reached level 6!
Your experience leads to an increase in your attributes!
Increase (S)trength, (I)ntelligence, or (D)exterity?
You feel agile.
You regained 2 hp, and now have 16/39 hp.
MP restored: 6 You hit the gnoll.
The gnoll is poisoned.
Your grab misses the gnoll.
The gnoll is lightly wounded.
The gnoll hits you with a +0 whip.
* * * LOW HITPOINT WARNING * * *
You take 6 damage, and have 10/39 hp.
You completely miss the gnoll. You grab the gnoll. You squeeze the gnoll.
The gnoll is moderately wounded.
You constrict the gnoll, but do no damage.
You release your grip on the gnoll.
You see here 21 stones.
The gnoll hits you with a +0 whip.
* * * LOW HITPOINT WARNING * * *
You take 3 damage, and have 8/39 hp.
You hit the gnoll.
The gnoll looks as sick as possible!
You grab the gnoll.
The gnoll is severely wounded.
You constrict the gnoll, but do no damage.
You hit the gnoll but do no damage.
The gnoll looks as sick as possible!
You squeeze the gnoll.
The gnoll is severely wounded.
You constrict the gnoll.
You kill the gnoll!
You barely miss the orc. You grab the orc. You constrict the orc.
The orc hits you with a +0 hand axe.
* * * LOW HITPOINT WARNING * * *
You hit the orc.
You kill the orc!
The gnoll hits you from afar with a +0 spear!
You die...

#..........#. #........[.#.
#..........#. ##### #............
## #...# #.........##. .#####
#.#.# #..........#. .....# #.#.#
#.......÷..#.
.....##########.#.###..........#.
.....)†.).).(.g)@..........###.#.
...).#####...<###.########.# #.#.
).#### #.##.#...# #.# #... ..#
#....#)##########'#####. ..#
######....##........# #. ..#
####.##........# #. ..#
####.##........# #. ###
#....##........# #.
#.#####........###.


You could see a gnoll.

Vanquished Creatures
  An orc priest (D:4)
  Natasha (twice) (D:4)
  3 gnolls
  5 adders
  A howler monkey skeleton (D:4)
  A worm (D:3)
  3 dart slugs
  6 orcs
  6 endoplasms
  4 giant cockroaches
  6 goblins
  5 hobgoblins
  5 jackals
  10 kobolds
  4 quokkas
  3 ball pythons
  7 bats
  4 frilled lizards
  6 rats
82 creatures vanquished.

Notes
Turn   | Place    | Note
-------+----------+-------------------------------------------
     0 | D:1      | SkeletonJelly the Octopode Brigand began the quest for the
                  | Orb.
     0 | D:1      | Reached XP level 1. HP: 14/14 MP: 1/1
    57 | D:1      | Reached XP level 2. HP: 4/19 MP: 2/2
   683 | D:1      | Reached XP level 3. HP: 24/24 MP: 3/3
   971 | D:1      | Upgraded the game from 0.28-a0-631-g0446da8ef9 to
                  | 0.28-a0-643-g84cb2ea78e
  1044 | D:2      | Reached skill level 6 in Stealth
  1363 | D:2      | Reached XP level 4. HP: 26/29 MP: 4/4
  1792 | D:3      | Found a faded altar of an unknown god.
  1970 | D:3      | Found an iron altar of Okawaru.
  2084 | D:3      | Found a snail-covered altar of Cheibriados.
  2639 | D:3      | Reached XP level 5. HP: 13/34 MP: 5/5
  3095 | D:4      | Identified the +4 war axe of Premature Burial {flame, Str+2
                  | Int-5 Dex+3}
  3095 | D:4      | Identified the +4 scale mail of Makhleb's Hope {rPois}
  3164 | D:4      | Noticed Natasha
  3172 | D:4      | Killed Natasha
  3420 | D:4      | Noticed an ice beast
  3506 | D:4      | Noticed Natasha
  3525 | D:4      | Killed Natasha
  3526 | D:4      | Reached skill level 7 in Stealth
  3531 | D:4      | Reached skill level 5 in Short Blades
  3536 | D:4      | Reached XP level 6. HP: 16/39 MP: 6/6
  3546 | D:4      | Slain by a gnoll

Illustrated notes

Levels and vault maps discovered:
D:1:      eino_arrival_cavern_a, layout_basic, serial_rivers,
          chequers_serial_rivers_micro_c, chequers_serial_rivers_small_3,
          chequers_serial_rivers_micro_c, chequers_serial_rivers_marsh,
          chequers_serial_rivers_large_b, item_on_display_a
D:2:      layout_basic, serial_bayou_crossing
D:3:      kennysheep_six_static_rooms, layout_loops_corners,
          cheibrodos_worm_habitat, okawaru_metal_pillars_1_2,
          hellmonk_ecumenical_altar_prayer_group, grunt_ministairs_6
D:4:      layout_basic, uniq_natasha

Skill      XL: |  1  2  3  4  5 |
---------------+----------------+-----
Short Blades   | 3 4 5 |  5.2
Stealth        | 6 7 |  7.2
Fighting       | |  2.0
Throwing       | |  2.0
Dodging        | |  1.0

Action                   |  1- 3 |  4- 6 || total
-------------------------+-------+-------++-------
Melee: Dagger            |    54 |    88 ||   142
       Constrict         |    11 |    22 ||    33
       Tentacles         |     7 |    12 ||    19
 Stab: Sleeping          |    16 |    19 ||    35
Armor: Skin              |     1 |     3 ||     4
Dodge: Dodged            |    21 |    27 ||    48

Table legend: (Time is in decaauts)
 A = Elapsed time spent in this place.
 B = Non-inter-level travel time spent in this place.
 C = Inter-level travel time spent in this place.
 D = Time resting spent in this place.
 E = Time spent auto-exploring this place.
 F = Levels seen in this place.
 G = Mean time per level.
                   A        B        C        D        E       F      G
               +--------+--------+--------+--------+--------+-----+--------+
         Total |   3521 |   3480 |     41 |      0 |   2966 |   4 |  880.2 |
       Dungeon |   3521 |   3480 |     41 |      0 |   2966 |   4 |  880.2 |
               +--------+--------+--------+--------+--------+-----+--------+

Top non-repeatable levels by time:
     D:3: 1321 daAuts
     D:1: 981 daAuts
     D:2: 699 daAuts
     D:4: 519 daAuts
